 Dungeon Sprint DCSS version 0.18-a0-993-g4a3b7c7 (webtiles) character file.

587 M4edhros the Covert (level 7, -21/43 HPs)
             Began as an Octopode Artificer on Jan 4, 2016.
             Was an Initiate of Pakellas.
             Shot with a bolt by a yaktaur (32 damage)
             ... in the Dungeon (Sprint II: "The Violet Keep of Menkaure").
             The game lasted 00:01:55 (345 turns).

M4edhros the Covert (Octopode Artificer)             Turns: 345, Time: 00:01:55

Health: -21/43     AC:  1    Str: 10    XL:     7   Next: 38%
Magic:  13/13      EV: 17    Int: 17    God:    Pakellas [......]
Gold:   486        SH:  0    Dex: 12    Spells: 0 memorised, 6 levels left

rFire  . . .     SeeInvis .     a - +0 short sword
rCold  . . .     Gourm    .     (no shield)
rNeg   . . .     Faith    .     (helmet restricted)
rPois  .         Spirit   .     (no amulet)
rElec  .         Dismiss  .     (no ring)
rCorr  .         Reflect  .     (no ring)
SustAt .         Harm     .     (no ring)
MR     .....     NoTele   +     (no ring)
Stlth  +++++++...               (no ring)
                                (no ring)
                                (no ring)
                                (no ring)

@: not resistant to hostile enchantments, extremely stealthy
A: almost no armour, amphibious, 8 rings, constrict 8, camouflage 1, gelatinous
body 1
a: Renounce Religion


You were in the Dungeon.
You worshipped Pakellas.
Pakellas was noncommittal.
You were not hungry.

You visited 1 branch You collected 486 gold pieces.

Inventory:

Hand Weapons
 a - a +0 short sword (weapon)
Wands
 b - a wand of flame (8/48)
 c - a wand of enslavement (11/24)
 d - a wand of random effects (15/48)
Scrolls
 k - a scroll of blinking
Potions
 e - a potion of curing
 h - a potion of haste
 i - 2 potions of magic
Comestibles
 f - a bread ration


   Skills:
 - Level 1.0 Fighting
 - Level 1.0 Short Blades
 * Level 10.0 Dodging
 * Level 13.3 Stealth
 + Level 8.4 Evocations


You had 6 spell levels left.
You didn't know any spells.

Dungeon Overview and Level Annotations

Branches:
Dungeon (1/1)

Altars:
Cheibriados
Dithmenos
Elyvilon
Fedhas
Gozag
Kikubaaqudgha
Makhleb
Nemelex Xobeh
Okawaru
Pakellas
Qazlal
Ru
Sif Muna
Trog
Vehumet
Xom
Yredelemnul
Zin
The Shining One
Beogh
Jiyva
Lugonu


Innate Abilities, Weirdness & Mutations

You cannot wear most types of armour.
You are amphibious.
You can wear up to eight rings at the same time.
You can use your tentacles to constrict eight enemies at once.
Your skin changes colour to match your surroundings (Stealth).
Your rubbery body absorbs attacks (AC +1).


Message History

Evoke which item? (* to show all) (? for menu, Esc to quit)
Zapping:
c - a wand of enslavement (14/24)
Press: ? - help, Shift-Dir - straight line, f - yaktaur
Aim: a yaktaur (chance to defeat MR: 47%)
The yaktaur resists with some effort.
This wand has 13 charges left.
Evoke which item? (* to show all) (? for menu, Esc to quit)
Zapping:
c - a wand of enslavement (13/24)
Press: ? - help, Shift-Dir - straight line, f/p - yaktaur
Aim: a yaktaur (chance to defeat MR: 47%)
The yaktaur resists with some effort.
This wand has 12 charges left.
The yaktaur wields an arbalest.
The yaktaur shoots a bolt.
The bolt hits you!
* * * LOW HITPOINT WARNING * * *
Evoke which item? (* to show all) (? for menu, Esc to quit)
Zapping:
c - a wand of enslavement (12/24)
Press: ? - help, Shift-Dir - straight line, f/p - yaktaur
Aim: a yaktaur, wielding an arbalest (chance to defeat MR: 47%)
The yaktaur resists with some effort.
This wand has 11 charges left.
The yaktaur shoots a bolt.
The bolt hits you!!
Ouch! That really hurt!
You die...

.#....# #...#
####..#####^.# .#▓)$([?!
##†##..#$?+..# y#▓$[(%!%
#.†.#..#D?#..# h#▓!$$)))$(
'.##'..####..##.#▓$)(?!?$?
###.#....###...##▓▓▓▓▓▓▓+
#†##......≈≈≈y≈≈≈≈≈≈≈≈≈
###≈≈...§.≈#'########+##
#≈≈≈÷§≈≈..≈#.c.@._._#≈≈≈#
#≈≈≈≈§≈≈≈.≈#.._._._.#§§≈§
#≈§≈≈≈≈≈§≈§≈#._._._._#§§§§
≈≈§≈≈≈≈§≈§≈≈#_._._._.#t§t§
++#≈≈≈≈≈≈≈≈≈#._._._..#§§§≈
##≈≈≈###≈≈#_._._...#≈§§≈
#≈ #≈≈#._._....#§§§§
#≈≈#........#§§§§
§≈§≈##########≈≈≈§


You could see a yaktaur, a crocodile and a wasp.

Vanquished Creatures
  A polar bear (D)
  Menkaure (D)
  4 necrophages (D)
  3 worms (D)
9 creatures vanquished.

Vanquished Creatures (others)
  A polar bear (D)
  A crocodile (D)
2 creatures vanquished.

Grand Total: 11 creatures vanquished

Notes
Turn   | Place    | Note
--------------------------------------------------------------
     0 | D        | M4edhros the Octopode Artificer began the quest for the Orb.
     0 | D        | Reached XP level 1. HP: 13/13 MP: 3/3
     1 | D        | Noticed a boulder beetle
     1 | D        | Noticed a boulder beetle
     4 | D        | Noticed a necrophage
     4 | D        | Noticed a necrophage
     4 | D        | Noticed a necrophage
     4 | D        | Noticed a necrophage
     8 | D        | Killed a necrophage
     8 | D        | Reached skill level 5 in Dodging
     8 | D        | Reached skill level 7 in Stealth
     8 | D        | Reached skill level 5 in Evocations
     8 | D        | Reached XP level 2. HP: 18/18 MP: 3/5
     8 | D        | Reached XP level 3. HP: 22/23 MP: 3/6
     8 | D        | Reached XP level 4. HP: 27/28 MP: 3/7
    12 | D        | Killed a necrophage
    12 | D        | Reached skill level 9 in Stealth
    12 | D        | Reached XP level 5. HP: 25/33 MP: 3/9
    15 | D        | Killed a necrophage
    15 | D        | Reached skill level 10 in Stealth
    15 | D        | Reached XP level 6. HP: 22/36 MP: 3/11
    18 | D        | Killed a necrophage
    18 | D        | Reached skill level 11 in Stealth
   210 | D        | Noticed an obsidian statue
   212 | D        | Noticed Menkaure
   216 | D        | Killed Menkaure
   216 | D        | Reached skill level 12 in Stealth
   216 | D        | Reached XP level 7. HP: 39/39 MP: 12/12
   227 | D        | Found a deep blue altar of Sif Muna.
   254 | D        | Noticed a neqoxec
   266 | D        | Found a shimmering altar of Xom.
   266 | D        | Found a stormy altar of Qazlal.
   267 | D        | Found a blossoming altar of Fedhas.
   267 | D        | Found a corrupted altar of Lugonu.
   267 | D        | Found a sparkling altar of Nemelex Xobeh.
   267 | D        | Found a glowing golden altar of the Shining One.
   268 | D        | Found an iron altar of Okawaru.
   268 | D        | Found a shadowy altar of Dithmenos.
   268 | D        | Found a radiant altar of Vehumet.
   269 | D        | Found an opulent altar of Gozag.
   269 | D        | Found a viscous altar of Jiyva.
   269 | D        | Found a sacrificial altar of Ru.
   269 | D        | Found a snail-covered altar of Cheibriados.
   269 | D        | Found a burning altar of Makhleb.
   270 | D        | Found a glowing silver altar of Zin.
   270 | D        | Found an oddly glowing altar of Pakellas.
   270 | D        | Found a bloodstained altar of Trog.
   271 | D        | Found a basalt altar of Yredelemnul.
   271 | D        | Found a roughly hewn altar of Beogh.
   275 | D        | Noticed an ice dragon
   284 | D        | Noticed a griffon
   292 | D        | Found an ancient bone altar of Kikubaaqudgha.
   292 | D        | Found a white marble altar of Elyvilon.
   292 | D        | Noticed a polar bear
   297 | D        | Noticed a polar bear
   297 | D        | Noticed a yaktaur
   300 | D        | Became a worshipper of Xom of Chaos
   305 | D        | Fell from the grace of Xom
   305 | D        | Became a worshipper of Pakellas the Inventive
   314 | D        | Killed a polar bear
   314 | D        | Reached skill level 10 in Dodging
   314 | D        | Reached skill level 13 in Stealth
   345 | D        | Shot with a bolt by a yaktaur

Vault maps used:
D:        the_violet_keep_of_menkaure

Action                   |  1- 3 |  4- 6 |  7- 9 || total
-------------------------+-------+-------+-------++-------
Melee: Short sword       |     3 |    11 |     3 ||    17
Evoke: Wand              |       |       |    11 ||    11
  Use: Potion            |     1 |       |     1 ||     2
 Stab: Sleeping          |       |     1 |     3 ||     4
